amy, neutral female human Ranger ---- ----- |..- |...------- --%..-- |.......^.. |..%%... --- --|.-------- |....%... -.| ---.|.| --..|.^......| |.....| ------I.....| |.....- --- ..|.--.| |......----.--- |.| ........|....| --.| ....*.......| |...| .........---- ---..- ...%.....-- |.... ..........| -...- .........%%--- --- ..| ..<......%...----.-- --.---------.--.-------- ...................| |....................>.. ... .............| --.---------............ .....---....| |...--------- -.-- --.^-- -.-- - ---- amy the Trailblazer Experience level: 7 Strength: 15 Dexterity: 10 Constitution: 16 Intelligence: 14 Wisdom: 14 Charisma: 7 Health: 0(62) Energy: 38(38) Def: 7 Gold: 553 Moves: 3218 Dungeon seed: h2wrfQSsNXoPOS_b Game ID: amy_1467714256 Your Inventory: Coins $ - 553 gold pieces Weapons a - an uncursed +1 dagger b - a blessed +2 bow (weapon in hand) c - 58 blessed +2 arrows d - 20 uncursed +0 arrows (in quiver) m - 14 uncursed +0 arrows B - an uncursed +0 elven dagger T - a blessed +0 elven dagger V - 52 blessed +1 arrows Z - 10 uncursed +0 daggers Armor e - an uncursed rotted +2 cloak of displacement (being worn) n - an uncursed +0 dwarvish iron helm r - an uncursed +0 ring mail named ok (being worn) y - an uncursed +0 pair of iron shoes (being worn) Comestibles f - an uncursed cram ration D - an uncursed tin of Uruk-hai meat G - an uncursed food ration J - an uncursed orange P - an uncursed banana R - 2 uncursed eggs Potions s - an uncursed potion of object detection K - an uncursed potion of gain energy Rings A - an uncursed ring of searching (on left hand) Wands g - an uncursed wand of slow monster (0:2) o - an uncursed wand of enlightenment (0:13) U - an uncursed wand of fire (0:6) Tools t - an uncursed credit card u - an uncursed oilskin sack W - an uncursed tallow candle (0:200) Contents of the oilskin sack: an uncursed scroll of create monster an uncursed scroll of fire a cursed scroll of food detection an uncursed scroll of light named ok a cursed scroll of magic mapping named cursed an uncursed scroll of water Spells and supernatural/magical abilities: Name Level Category Fail Memory W - pray for help -- divine ? -- Your skills at the end: Miscellaneous Skills wands [Basic] Weapon Skills dagger [Basic] bow [Basic] Spellcasting Skills Final Attributes: You were devoutly aligned. You were telepathic. You had automatic searching. You were displaced. You were stealthy. You are dead. Vanquished creatures: a gnome king a brown pudding 2 dwarf lords 2 wood nymphs a pony a fog cloud 5 gnome lords 3 gnomish wizards a gray ooze 4 elf zombies a giant ant a little dog a floating eye 6 dwarves a kobold shaman 2 iguanas a rothe an orc zombie a coyote 3 hobbits a large kobold 3 geckos a hobgoblin 25 gnomes 2 garter snakes 3 jackals a fox 2 kobolds 6 newts a goblin 3 grid bugs 2 lichens 89 creatures vanquished. Voluntary challenges: You had followed a strict vegan diet until turn 2355. You had followed a strict vegetarian diet until turn 2355. You used a wielded weapon 52 times, starting on turn 86. You did not apply a unicorn horn. You were illiterate. You never genocided any monsters. You never polymorphed an object. You never changed form. You used no wishes. You never split a pudding. You never wrote Elbereth's name. You violated your moral code, losing 2 points of alignment, starting on turn 785. Dungeon overview: The Dungeons of Doom: levels 1 to 2 Level 1 a long staircase Level 2 an altar to Mercury stairs to The Gnomish Mines The Gnomish Mines: levels 3 to 6 Level 3 stairs to The Dungeons of Doom Level 4 <- You were here Level 5 Level 6 many shops, a temple to Venus, a magic chest, some fountains History has recorded: On T:1 you entered the Dungeons of Doom to retrieve the Amulet of Yendor! On T:365 you reached level 2 of The Dungeons of Doom. On T:675 you reached level 1 of The Gnomish Mines. On T:676 you advanced to experience level 2. On T:690 you advanced to experience level 3. On T:762 you advanced to experience level 4. On T:888 you reached level 2 of The Gnomish Mines. On T:1001 you reached level 3 of The Gnomish Mines. On T:1047 you advanced to experience level 5. On T:1318 you reached level 4 of The Gnomish Mines. On T:1424 you advanced to experience level 6. On T:1486 you entered the Minetown temple On T:1834 you opened a magic chest. On T:1841 you opened a magic chest. On T:1841 you opened a magic chest. On T:2018 you opened a magic chest. On T:2949 you opened a magic chest. On T:2949 you opened a magic chest. On T:3180 you advanced to experience level 7. Score breakdown: Gold: 553 ( 55 points) Experience: 7 levels ( 600 points) Exploration: 6 levels ( 150 points) Discoveries: 11 items ( 550 points) Variety of kills: 32 monsters ( 1600 points) Major goal: reached Minetown ( 500 points) Survival: died (score multiplied by 3) Total score: 10365 Latest messages: m - 4 uncursed arrows. R - an egg. W - a candle. d - 2 uncursed +0 arrows (in quiver). There is nothing here to pick up. There are several objects here. There are a few objects here. d - 2 uncursed +0 arrows (in quiver). There is nothing here to pick up. There are a few objects here. There are several objects here. There are a few objects here. You put a cursed scroll called 50 named cursed into the bag called boh. You put a cursed scroll called 38 into the bag called boh. You put an uncursed scroll called 50 into the bag called boh. You put an uncursed scroll called 100 into the bag called boh. (2x) You put an uncursed scroll of light named ok into the bag called boh. d - an uncursed +0 arrow (in quiver). A cloud of gas puts you to sleep! Something punches you! (3x) You die... Final status: Goodbye amy the Ranger, killed by a gnome lord, while sleeping... You died in The Gnomish Mines on dungeon level 4 with 10365 points, and 553 pieces of gold, after 3218 moves. You were level 7 with a maximum of 62 hit points when you died.